 Dungeon Crawl Stone Soup version 0.21.0-37-g46506fa5f3 (webtiles) character file.

2901612 Syrinius the Conqueror (level 27, 199/199 HPs)
             Began as a Gargoyle Wanderer on Jan 25, 2018.
             Was the Champion of Ru.
             Escaped with the Orb
             ... and 5 runes on Jan 30, 2018!
             The game lasted 10:09:14 (84387 turns).

Syrinius the Conqueror (Gargoyle Wanderer)         Turns: 84387, Time: 10:09:14

Health: 199/199    AC: 46    Str: 32    XL:     27
Magic:  42/42      EV: 11    Int: 22    God:    Ru [******]
Gold:   5966       SH: 16    Dex: 12    Spells: 34/66 levels left

rFire    + + .     SeeInvis +   Q - +9 eveningstar (flame)
rCold    + + .     Gourm    +   U - +0 shield {reflect}
rNeg     + . .     Faith    .   x - +5 ring mail of Beogh's Pride {+Blink Str+2 Dex+2 Slay+2}
rPois    ∞         Spirit   .   N - +0 mask of the Dragon {MR+ Slay+3 SInv}
rElec    +         Reflect  +   P - scarf {rC+ rF+}
rCorr    +         Harm     .   v - +2 pair of gloves "Giqo" {rF+ Regen+}
MR       ++++.     Clarity  +   y - +2 pair of boots of the Assassin {Detection Stab+ Stlth++}
Stlth    ++........             M - amulet "Guemp" {Gourm rF+ MR+}
HPRegen  1.83/turn              I - ring "Esitag" {rC+ MR- Str+5 Slay+5 Stlth-}
MPRegen  0.28/turn              s - ring of Ypoud {rCorr rPois rC+ MR+ Str+4 Stlth-}

@: regenerating
A: big wings, molten scales 1, clarity, clever 1, low mp 1, negative energy
resistance 1, electricity resistance, unbreathing, petrification resistance, rot
immunity, inability to use devices, inability to train dodging, MP-powered
wands, temperature sensitive, AC +20
0: Orb of Zot
}: 5/15 runes: barnacled, slimy, silver, abyssal, gossamer
a: Fly, Draw Out Power, Power Leap, Apocalypse, Renounce Religion


You escaped.
You worshipped Ru.
Ru was exalted by your worship.
You were not hungry.

You visited 13 branches of the dungeon, and saw 59 of its levels.
You visited the Abyss 2 times.
You visited 1 bazaar.
You also visited: Labyrinth, Ossuary and Ice Cave.

You collected 10403 gold pieces.
You spent 4437 gold pieces at shops.

Inventory:

Hand Weapons
 a - the +7 lajatang of Order {silver, rMut}
   (You found it on level 9 of the Dungeon)

   It protects you from mutation.
 Q - a +9 eveningstar of flaming (weapon)
Missiles
 h - 8 throwing nets
 p - 1439 stones (quivered)
Armour
 v - the +2 pair of gloves "Giqo" (worn) {rF+ Regen+}
   (You found it on level 5 of the Pits of Slime)

   It protects you from fire.
   It increases your rate of regeneration.
 x - the +5 ring mail of Beogh's Pride (worn) {+Blink Str+2 Dex+2 Slay+2}
   (You found it on level 2 of the Crypt)

   It affects your strength (+2).
   It affects your dexterity (+2).
   It affects your accuracy and damage with ranged weapons and melee attacks
   (+2).
   It lets you blink.
 y - the +2 pair of boots of the Assassin (worn) {Detection Stab+ Stlth++}
   (You acquired it on level 3 of the Lair of Beasts)

   It makes you much more stealthy.
 N - the +0 mask of the Dragon (worn) {MR+ Slay+3 SInv}
   (You found it on level 3 of the Elven Halls)

   It affects your accuracy and damage with ranged weapons and melee attacks
   (+3).
   It affects your resistance to hostile enchantments.
   It lets you see invisible.
 P - a scarf of resistance (worn)
 U - a +0 shield of reflection (worn)
 X - a scarf of cloud immunity
Jewellery
 i - an uncursed ring of protection from fire
 m - an uncursed amulet of regeneration
 s - the ring of Ypoud (right hand) {rCorr rPois rC+ MR+ Str+4 Stlth-}
   (You found it on level 5 of the Pits of Slime)

   [ring of resist corrosion]

   It affects your strength (+4).
   It protects you from cold.
   It protects you from poison.
   It affects your resistance to hostile enchantments.
   It makes you less stealthy.
 t - the ring "Xeosoest" {SInv Stlth+}
   (You found it on level 5 of the Pits of Slime)

   [ring of stealth]

   It lets you see invisible.
   It makes you more stealthy.
 I - the ring "Esitag" (left hand) {rC+ MR- Str+5 Slay+5 Stlth-}
   (You took it off an ironheart preserver on level 5 of the Vaults)

   [ring of protection from cold]

   It affects your strength (+5).
   It affects your accuracy and damage with ranged weapons and melee attacks
   (+5).
   It protects you from cold.
   It affects your resistance to hostile enchantments.
   It makes you less stealthy.
 M - the amulet "Guemp" (around neck) {Gourm rF+ MR+}
   (You took it off a deep elf high priest on level 3 of the Elven Halls)

   [amulet of the gourmand]

   It allows you to eat raw meat even when not hungry.
   It protects you from fire.
   It affects your resistance to hostile enchantments.
 O - the ring of Jen Wogh {MR+ Slay+2}
   (You found it on level 8 of the Dungeon)

   [ring of protection from magic]

   It affects your accuracy and damage with ranged weapons and melee attacks
   (+2).
   It affects your resistance to hostile enchantments.
 T - an uncursed ring of resist corrosion
Scrolls
 b - 6 scrolls of identify
 c - 25 scrolls of teleportation
 d - a scroll of brand weapon
 k - 4 scrolls of enchant armour
 l - 10 scrolls of magic mapping
 u - 22 scrolls of remove curse
 z - 9 scrolls of fog
 B - 2 scrolls of holy word
 C - 9 scrolls of immolation
 F - 2 scrolls of torment
 H - a scroll of silence
 L - 3 scrolls of blinking
 R - a scroll of enchant weapon
 W - 6 scrolls of fear
 Z - 3 scrolls of summoning
Potions
 e - 14 potions of curing
 g - 3 potions of haste
 j - 5 potions of agility
 o - 7 potions of heal wounds
 q - 8 potions of lignification
 r - a potion of invisibility
 w - 2 potions of mutation
 D - 5 potions of magic
 E - 4 potions of might
 G - a potion of cancellation
 K - 12 potions of brilliance
 S - 8 potions of berserk rage
 V - 5 potions of ambrosia
Comestibles
 f - 117 rations


   Skills:
 O Level 27 Fighting
 - Level 20.0 Maces & Flails
   Level 2.0 Crossbows
 - Level 24.0 Armour
 - Level 15.0 Stealth
 + Level 18.0 Shields
 - Level 20.0 Spellcasting
   Level 2.1 Conjurations
 - Level 8.0 Charms
 - Level 20.0 Summonings
 - Level 4.0 Necromancy
 - Level 8.0 Translocations
   Level 3.0 Ice Magic
   Level 1.2 Earth Magic


You had 34 spell levels left.
You knew the following spells:

 Your Spells              Type           Power        Failure   Level  Hunger
a - Apportation           Tloc           ######       1%          1    None
b - Summon Butterflies    Summ           #######.     0%          1    None
c - Blink                 Tloc           N/A          1%          2    None
d - Regeneration          Chrm/Necr      #####.....   1%          3    None
e - Shadow Creatures      Summ           N/A          1%          6    ###....
f - Aura of Abjuration    Summ           #######...   1%          5    None
g - Summon Forest         Summ/Tloc      ######....   1%          5    None
h - Swiftness             Chrm/Air       #####...     1%          2    None
i - Summon Hydra          Summ           #######...   1%          7    #####..


Dungeon Overview and Level Annotations

Branches:
Dungeon (15/15)            Temple (1/1) D:7            Lair (6/6) D:8
 Shoals (4/4) Lair:3       Spider (4/4) Lair:3        Slime (5/5) Lair:5
    Orc (2/2) D:10            Elf (3/3) Orc:2        Vaults (5/5) D:14
  Crypt (3/3) Vaults:3       Tomb (1/3) Crypt:3      Depths (5/5) D:15
    Zot (5/5) Depths:5

Altars:
Ashenzari
Cheibriados
Dithmenos
Elyvilon
Fedhas
Gozag
Hepliaklqana
Kikubaaqudgha
Makhleb
Nemelex Xobeh
Okawaru
Qazlal
Ru
Sif Muna
Trog
Uskayaw
Vehumet
Wu Jian
Xom
Yredelemnul
Zin
The Shining One
Jiyva

Shops:
D:9 *   Orc:2 :*[=   Elf:1 }=}   Elf:3 %   Shoals:2 *?*(?   Shoals:4 =
Depths:3 ?}%   Depths:4 (*==   Depths:5 (*[[?

Portals:
Hell: Depths:1 Depths:2 Depths:3 Depths:4 Depths:5
Abyss: Depths:4
Pandemonium: Depths:3 Depths:4 Depths:5
Ziggurat: Depths:5
Trove: D:11 (give 7 potions of haste)

Annotations:
D:11 7pothaste
Vaults:1 Jorgrun
Zot:1 exclusions: 3 draconian scorchers, 5 draconian stormcallers and 2 more exclusions


Innate Abilities, Weirdness & Mutations

You are resistant to torment.
Your stone body is resilient. (AC +20)
You are immune to poison.
Your large and strong wings let you fly indefinitely.
Your magical capacity is low. (-10% MP)
You resist negative energy. (rN+)
You are resistant to electric shocks. (rElec)
You can survive without breathing.
You are immune to petrification.
You are immune to rotting.
You cannot study or use magical devices.
You cannot train Dodging skill.
You are sensitive to extremes of temperature. (rF-, rC-)
You are partially covered in molten scales. (AC +2)
You possess an exceptional clarity of mind.
Your mind is acute. (Int +2)
You expend magic power (3 MP) to strengthen your wands.


Message History

The Ice Fiend claws you but does no damage. x2
You impale the Ice Fiend!! You burn the Ice Fiend!!
The Ice Fiend is heavily wounded.
The Ice Fiend claws you but does no damage.
The Ice Fiend misses you.
You barely miss the Ice Fiend.
The Ice Fiend is heavily wounded.
You impale the Ice Fiend!! You burn the Ice Fiend!
The Ice Fiend is almost dead.
The Ice Fiend begins to attack, but is stunned by your will!
You puncture the Ice Fiend! You burn the Ice Fiend.
You kill the Ice Fiend!
Your Shields skill increases to level 18!
Casting: Regeneration
Confirm with . or Enter, or press ? or * to list all spells.
Your skin crawls.
There is a staircase leading out of the dungeon here.
You see here a +0 dagger.
You feel better.
You have escaped!

#.# #.# #.##.###.#.######.. #.#
#.# ##.##.###.#.######## #.# #.#
#....>...).......... #.# #.#
#..########.######## #.# #.#
#...........# #.# #.#
#.############ #####
##.#####.#####.#..##...##.###....
...#...........#....###.##.#.####
.######.########@.######.#.#....#
.#......#......#....##.#..##.##..
.#.######.####[#..##.#.#.###.####
.#.######.# #.######..##.###.##.
.#........####.###########...####
.######..........).#.....##### #
......'............#.###.#
#######.......)....#.#...#
#............#.#'##########


There were no monsters in sight!

Vanquished Creatures
  the Royal Jelly (Slime:5)
  Dissolution (Slime:3)
  Tiamat (Zot:2)
  Khufu (Crypt:3)
  6 ancient liches
  5 orbs of fire (Zot:5)
  2 greater mummies (Tomb:1)
  Boris (Vaults:4)
  Margery (Vaults:4)
  Bai Suzhen (Shoals:4)
  2 Killer Klowns (Zot:5)
  2 caustic shrikes (Depths:5)
  10 golden dragons
  A profane servitor (Crypt:3)
  Nikola (Vaults:1)
  Arachne (Spider:2)
  11 bone dragons
  8 electric golems
  A Hell Sentinel (Abyss:1)
  A Brimstone Fiend (D:14)
  18 tentacled monstrosities
  A hellephant (Abyss:1)
  An Ice Fiend (D:1)
  8 liches
  31 Orb Guardians
  7 titans
  A deep elf master archer (Elf:3)
  5 quicksilver dragons
  3 Executioners
  24 acid blobs
  2 deep elf blademasters
  Polyphemus (Shoals:3)
  8 death cobs
  14 tentacled starspawn
  4 ancient champions
  11 sphinxes
  Gastronok (Lair:3)
  A kraken (Abyss:3)
  Kirke (Lair:5)
  Roxanne (Elf:2)
  The ghost of NihilVerum the Polluter, an adept DsVM of Vehumet (Spider:4)
  9 tengu reavers
  9 storm dragons
  10 shadow dragons
  9 draconian monks
  Ilsuiw (Shoals:4)
  3 revenants
  An azure jelly (shapeshifter) (Vaults:5)
  10 azure jellies
  9 fire giants
  2 cacodemons
  6 ghost moths
  5 iron dragons
  8 frost giants
  14 deep elf sorcerers
  2 balrugs
  9 vault wardens
  4 draconian knights
  11 draconian scorchers
  2 curse skulls (Vaults:3)
  Aizul (Shoals:4)
  9 emperor scorpions
  3 ghouls
  9 draconian stormcallers
  4 war gargoyles
  20 stone giants
  9 deep elf elementalists
  2 draconian shifters
  18 ironheart preservers
  9 vampire knights
  2 entropy weavers
  6 draconian annihilators
  18 very ugly things
  14 green draconians
  2 spark wasps (shapeshifter) (Vaults:5)
  10 black draconians
  14 yellow draconians
  8 deep elf demonologists
  7 deep elf annihilators
  14 white draconians
  10 red draconians
  A lorocyproca (Abyss:3)
  A blizzard demon (Depths:4)
  18 spark wasps
  7 mummy priests
  4 eidola
  10 deep elf death magi
  8 ettins
  8 purple draconians
  Snorg (Lair:3)
  4 death oozes
  2 merfolk javelineers (Shoals:4)
  A fire dragon (shapeshifter) (Abyss:3)
  A minotaur (Lab)
  3 deep elf high priests
  16 fire dragons
  Josephine (D:15)
  5 merfolk impalers
  15 yaktaur captains
  14 rakshasas
  29 vault guards
  14 jiangshi
  12 great orbs of eyes
  A hell beast (Zot:1)
  3 spriggan air magi
  4 hydras
  A ghost crab (Abyss:3)
  9 ice dragons
  8 centaur warriors
  5 merfolk avatars
  A catoblepas (Shoals:3)
  2 satyrs (shapeshifter)
  An alligator (shapeshifter) (Vaults:4)
  An anaconda (shapeshifter) (Vaults:1)
  3 deep troll shamans
  3 satyrs
  6 merfolk aquamancers
  4 vampire magi
  12 ogre magi
  27 two-headed ogres
  8 death knights
  4 death yaks
  30 dancing weapons
  2 alligator snapping turtles (Shoals:2)
  3 tengu warriors
  6 death scarabs (Tomb:1)
  A queen ant (Lair:3)
  4 hell hogs
  15 thrashing horrors
  3 orc high priests (Orc:2)
  7 deep troll earth magi
  A spriggan berserker (Depths:5)
  3 soul eaters
  Sonja (D:11)
  7 sun demons
  29 deep elf knights
  8 wretched stars
  Nergalle (Lair:2)
  A titan skeleton (Abyss:3)
  2 spatial maelstroms (Abyss:3)
  17 hell knights
  26 skeletal warriors
  4 shadow wraiths
  3 sixfirhies
  A fire crab (Abyss:3)
  A fire crab (shapeshifter) (Vaults:2)
  30 deep trolls
  6 unseen horrors
  9 glowing orange brains
  16 sea snakes
  An entropy weaver zombie (Crypt:1)
  22 deep elf archers
  3 shadow demons
  A glowing orange brain (shapeshifter) (Vaults:4)
  5 flayed ghosts
  9 wizards
  2 swamp dragons (shapeshifter)
  A shambling mangrove (Abyss:3)
  A spectral hydra (Crypt:3)
  A gelid demonspawn (Depths:5)
  23 ironbrand convokers
  A lindwurm (shapeshifter) (Abyss:3)
  A wolf spider zombie (Abyss:1)
  16 orc knights
  14 phantasmal warriors
  30 harpies
  8 orc sorcerers
  18 orb spiders
  28 wolf spiders
  An iron dragon zombie (Abyss:2)
  6 cyclopes
  A frost giant zombie (Vaults:5)
  69 deep elf magi
  6 shining eyes
  11 necromancers
  A stone giant zombie (Vaults:5)
  A fire giant zombie (Depths:1)
  11 manticores
  28 fauns
  38 ugly things
  A shining eye (shapeshifter) (Depths:5)
  An iron dragon skeleton (Crypt:3)
  3 black mambas
  29 moths of wrath
  Joseph (D:7)
  6 worldbinders
  7 centaur zombies
  14 merfolk sirens
  A torpor snail (shapeshifter) (Vaults:4)
  18 vault sentinels
  A human skeleton (Vaults:5)
  15 smoke demons
  2 elephants (shapeshifter) (Vaults:4)
  3 apocalypse crabs (Abyss:3)
  5 eyes of devastation
  2 ice statues
  A titan simulacrum (Vaults:3)
  2 rust devils
  2 spiny frogs (shapeshifter)
  A gargoyle (D:14)
  3 water nymphs
  22 spiny frogs
  A torpor snail (Spider:3)
  8 orange demons
  2 efreet (Abyss:3)
  4 rime drakes
  15 demonic crawlers
  A red draconian zombie (Crypt:2)
  2 tormentors
  A swamp worm zombie (Crypt:2)
  A rime drake (shapeshifter) (Vaults:1)
  8 komodo dragons
  A death yak zombie (Crypt:1)
  14 freezing wraiths
  A komodo dragon (shapeshifter) (Depths:2)
  A yaktaur (shapeshifter) (Vaults:2)
  2 anaconda simulacra
  55 yaktaurs
  68 starcursed masses
  3 tengu conjurers
  12 hellwings
  6 ice devils
  14 guardian mummies
  A hydra zombie (Abyss:3)
  11 trolls
  31 jumping spiders
  A troll (shapeshifter) (Vaults:4)
  14 polar bears
  11 ancient zymes
  A minotaur zombie (Tomb:1)
  A yaktaur skeleton (D:15)
  A meliai (shapeshifter) (Depths:3)
  5 red devils
  2 queen bees (shapeshifter)
  A wind drake (shapeshifter) (Vaults:2)
  Grinder (D:4)
  An iron troll skeleton (Crypt:2)
  24 merfolk
  2 wind drakes
  2 hornets (shapeshifter)
  9 hornets
  12 snapping turtles
  4 tyrant leeches (Lair:6)
  27 blink frogs
  69 slime creatures
  39 raiju
  An ettin zombie (Depths:1)
  A raiju (shapeshifter) (Vaults:5)
  A hippogriff (shapeshifter) (Vaults:3)
  10 hippogriffs
  54 flying skulls
  A fire giant simulacrum (Vaults:5)
  3 dream sheep (Shoals:3)
  A fire dragon skeleton (Crypt:2)
  17 tarantellas
  A deep troll zombie (Depths:1)
  Sigmund (D:2)
  A tarantella (shapeshifter) (Elf:2)
  16 wraiths
  A deep troll skeleton (D:15)
  6 shadows
  An ice dragon skeleton (Crypt:2)
  3 spriggans
  5 ushabtiu (Tomb:1)
  8 air elementals
  3 wyverns
  17 ynoxinuls
  2 ettin skeletons
  52 redbacks
  37 yaks
  A satyr skeleton (Crypt:1)
  6 golden eyes
  21 humans
  Grum (D:11)
  16 water elementals
  A golden eye (shapeshifter) (Vaults:1)
  10 chaos spawn
  7 hungry ghosts
  2 basilisks
  A fire bat (shapeshifter) (Abyss:1)
  12 neqoxecs
  A steam dragon (D:11)
  8 vampire mosquitoes
  2 fire elementals
  4 spatial vortices (Abyss:3)
  A two-headed ogre zombie (D:10)
  8 wargs
  A soldier ant (shapeshifter) (Elf:1)
  2 human zombies (D:15)
  15 water moccasins
  12 hell hounds
  13 soldier ants (Lair:3)
  An acid dragon (Vaults:2)
  37 large abominations
  3 floating eyes
  3 black bears
  6 porcupines
  A swamp drake (Orc:1)
  30 orc warriors
  A phantom (D:10)
  5 necrophages
  7 eyes of draining
  3 sky beasts
  14 ice beasts
  26 ogres
  10 boggarts
  15 centaurs
  A snapping turtle skeleton (Crypt:1)
  12 crocodiles
  19 wolves
  18 bullfrogs
  9 earth elementals
  A yaktaur zombie (Depths:1)
  2 water moccasin zombies (Ossuary)
  A troll zombie (D:10)
  A scorpion (D:10)
  9 killer bees (D:10)
  6 wights (Abyss:3)
  8 electric eels
  10 crimson imps
  A howler monkey (D:5)
  7 quasits
  7 hounds
  A black bear zombie (Crypt:2)
  5 iron imps
  21 jellies
  13 orc priests
  A bullfrog skeleton (D:9)
  5 centaur skeletons
  2 iguanas
  Natasha (thrice) (D:2)
  22 orc wizards
  40 worker ants
  23 small abominations
  An acid dragon zombie (Crypt:1)
  6 ogre zombies (D:10)
  A demigod skeleton (Crypt:1)
  A hound zombie (D:7)
  A tengu skeleton (Abyss:3)
  21 mummies
  2 worker ant zombies (D:6)
  6 gnolls
  12 adders
  9 river rats (D:6)
  A steam dragon zombie (Crypt:1)
  A swamp drake skeleton (Crypt:1)
  7 shadow imps
  6 white imps
  6 ufetubi
  3 oozes
  A worm zombie (Crypt:1)
  6 adder zombies
  3 adder skeletons
  A worm (D:5)
  A dart slug (D:2)
  3 leopard geckos
  61 orcs
  3 ball pythons
  9 bats
  4 giant cockroaches
  6 goblins
  7 hobgoblins
  20 jackals
  9 quokkas
  4 frilled lizards
  2 gnoll zombies (Ossuary)
  2 goblin skeletons (D:10)
  3 goblin zombies (D:10)
  2 hobgoblin skeletons
  7 hobgoblin zombies (Ossuary)
  3 kobolds
  4 kobold zombies
  5 orc skeletons (D:10)
  20 orc zombies
  23 rats
  2 crawling corpses (Vaults:5)
  2 plants
  A starspawn tentacle (Abyss:3)
3114 creatures vanquished.

Vanquished Creatures (collateral kills)
  A caustic shrike (Depths:5)
  A shadow dragon (Zot:2)
  A storm dragon (Zot:2)
  A draconian annihilator (Zot:2)
  A purple draconian (Zot:4)
  A yellow draconian (Zot:2)
  A death ooze (Slime:5)
  A vault guard (Vaults:5)
8 creatures vanquished.

Vanquished Creatures (others)
  A quicksilver dragon (Zot:5)
  An acid blob (Slime:5)
  A death cob (Zot:5)
  An ancient champion (Crypt:3)
  Agnes (Spider:1)
  Donald (Shoals:2)
  A fire giant (Depths:3)
  A ghoul (Crypt:3)
  A vault warden (Vaults:1)
  A war gargoyle (Vaults:5)
  An ironheart preserver (Vaults:3)
  A stone giant (Depths:4)
  2 red draconians (Zot:1)
  An entropy weaver (Spider:2)
  A deep elf annihilator (Elf:3)
  A yellow draconian (Zot:4)
  3 ettins
  A crystal guardian (Vaults:3)
  2 yaktaur captains
  A merfolk javelineer (Shoals:3)
  An ogre mage (Depths:1)
  2 vault guards
  A hydra (Lair:6)
  2 spriggan air magi
  A merfolk aquamancer (Shoals:3)
  A centaur warrior (D:15)
  A dancing weapon (Elf:1)
  2 two-headed ogres
  2 satyrs (Shoals:4)
  2 hell hogs
  A thrashing horror (Abyss:3)
  A deep troll earth mage (Vaults:3)
  A soul eater (Zot:5)
  A sun demon (Depths:5)
  A sea snake (Shoals:1)
  A phantasmal warrior (Vaults:5)
  An orc knight (D:14)
  4 harpies
  2 ironbrand convokers
  A lindwurm (shapeshifter) (D:15)
  2 cyclopes
  2 wolf spiders (Spider:1)
  2 deep elf magi
  3 moths of wrath
  3 fauns
  A spiny frog (Lair:3)
  A smoke demon (Depths:4)
  2 komodo dragons
  9 yaktaurs
  A merfolk (Shoals:4)
  A troll (Orc:2)
  4 jumping spiders
  A polar bear (IceCv)
  A blink frog (Lair:6)
  A raiju (Abyss:2)
  4 slime creatures
  2 tarantellas
  A spriggan (shapeshifter) (Depths:1)
  4 redbacks
  3 yaks
  A large abomination (Crypt:3)
  A floating eye (Depths:4)
  7 wolves (IceCv)
  4 ogres
  3 centaurs (Depths:1)
  A bullfrog (Lair:6)
  3 small abominations
  A starcursed mass (Abyss:3)
  An orc wizard (Orc:1)
  A mummy (Tomb:1)
  4 orcs
  An orc zombie (D:10)
  18 fungi
  4 lurking horrors (Abyss:3)
  103 plants
  22 starspawn tentacles
  4 tentacles (Abyss:3)
  6 withered plants (D:15)
286 creatures vanquished.

Grand Total: 3408 creatures vanquished

Notes
Turn   | Place    | Note
-------+----------+-------------------------------------------
     0 | D:1      | Syrinius the Gargoyle Wanderer began the quest for the Orb.
     0 | D:1      | Syrinius set off with: a +2 scale mail, the Almanac of the Blaze, a scroll of teleportation, a +0 club, a +0 dagger, a ration
     0 | D:1      | Reached XP level 1. HP: 12/12 MP: 1/1
     4 | D:1      | Identified the Almanac of the Blaze
   329 | D:1      | Reached XP level 2. HP: 16/18 MP: 2/2
   723 | D:1      | Reached skill level 1 in Maces & Flails
  1172 | D:2      | Reached XP level 3. HP: 22/22 MP: 3/3
  1260 | D:2      | Noticed Natasha
  1269 | D:2      | Killed Natasha
  1269 | D:2      | Reached skill level 3 in Fighting
  1269 | D:2      | Reached XP level 4. HP: 10/28 MP: 4/4
  1442 | D:2      | Noticed Natasha
  1459 | D:2      | Killed Natasha
  1470 | D:2      | Noticed Natasha
  1483 | D:2      | Killed Natasha
  1504 | D:2      | Noticed Sigmund
  1590 | D:2      | Reached XP level 5. HP: 27/32 MP: 5/5
  1825 | D:2      | Killed Sigmund
  1825 | D:2      | Reached XP level 6. HP: 16/38 MP: 6/6
  2200 | D:3      | Reached skill level 4 in Fighting
  2307 | D:3      | Reached skill level 5 in Armour
  2727 | D:4      | Noticed Grinder
  2736 | D:4      | Paralysed by Grinder for 4 turns
  2746 | D:4      | Killed Grinder
  2746 | D:4      | Reached XP level 7. HP: 25/44 MP: 7/7
  3129 | D:4      | Reached skill level 5 in Fighting
  3129 | D:4      | Reached skill level 1 in Dodging
  3492 | D:4      | Found an opulent altar of Gozag.
  3728 | D:5      | Entered Level 5 of the Dungeon
  3808 | D:5      | Reached XP level 8. HP: 50/50 MP: 8/8
  3836 | D:5      | Reached skill level 6 in Fighting
  4616 | D:6      | Reached skill level 7 in Fighting
  4722 | D:6      | Found a sand-covered staircase.
  4760 | Ossuary  | Entered an ossuary
  4802 | Ossuary  | Reached XP level 9. HP: 49/57 MP: 9/9
  5100 | D:6      | Reached skill level 5 in Maces & Flails
  5384 | D:6      | Reached skill level 8 in Fighting
  6098 | D:7      | Found a staircase to the Ecumenical Temple.
  6115 | Temple   | Entered the Ecumenical Temple
  6121 | Temple   | Became a worshipper of Ru the Awakened
  6618 | D:7      | Noticed Joseph
  6648 | D:7      | Killed Joseph
  7289 | D:8      | Got a wavering bronze ring
  7291 | D:8      | Identified the ring of Jen Wogh {MR+ Slay+2} (You found it on level 8 of the Dungeon)
  7378 | D:8      | Gained mutation: You cannot train Dodging skill. [Ru sacrifice]
  7378 | D:8      | Reached * piety under Ru
  7500 | D:8      | Found a staircase to the Lair.
  7501 | D:8      | Noticed a komodo dragon
  7539 | D:8      | Killed a komodo dragon
  7539 | D:8      | Reached XP level 10. HP: 59/65 MP: 10/10
  7706 | D:9      | Found Bon Ydec's Serpentskin Sales.
  8290 | D:9      | Learned a level 1 spell: Apportation
  8292 | D:9      | Learned a level 1 spell: Summon Butterflies
  8379 | D:9      | Reached skill level 9 in Fighting
  8512 | D:9      | Noticed an ice statue
  8573 | D:9      | Found a shadowy altar of Dithmenos.
  8763 | D:10     | Entered Level 10 of the Dungeon
  9259 | D:10     | Reached skill level 10 in Armour
  9315 | D:10     | Reached skill level 10 in Fighting
  9341 | D:10     | Reached skill level 1 in Spellcasting
  9436 | D:10     | Found a staircase to the Orcish Mines.
  9491 | D:10     | Gained mutation: You are sensitive to extremes of temperature. (rF-, rC-) [Ru sacrifice]
  9491 | D:10     | Reached ** piety under Ru
  9491 | D:10     | Reached *** piety under Ru
  9543 | D:10     | Reached XP level 11. HP: 61/72 MP: 11/13
 10272 | D:11     | Noticed Grum
 10299 | D:11     | Killed Grum
 10478 | D:11     | Reached skill level 1 in Shields
 10522 | D:11     | Found a portal to a secret trove of treasure.
 10603 | D:11     | Noticed Sonja
 10610 | D:11     | Killed Sonja
 10890 | D:11     | Reached skill level 10 in Maces & Flails
 11072 | D:11     | Noticed a cyclops
 11080 | D:11     | Killed a cyclops
 11728 | Lair:1   | Entered Level 1 of the Lair of Beasts
 12098 | Lair:1   | Gained mutation: You cannot study or use magical devices. [Ru sacrifice]
 12098 | Lair:1   | Reached **** piety under Ru
 12098 | Lair:1   | Reached ***** piety under Ru
 13002 | Lair:2   | Noticed a four-headed hydra
 13002 | Lair:2   | Reached skill level 1 in Summonings
 13041 | Lair:1   | Reached skill level 1 in Translocations
 13384 | Lair:2   | Reached XP level 12. HP: 66/78 MP: 18/18
 13424 | Lair:2   | Reached skill level 5 in Shields
 13883 | Lair:2   | Noticed Nergalle
 13900 | Lair:2   | Killed Nergalle
 13900 | Lair:2   | Reached skill level 5 in Spellcasting
 14325 | Lair:3   | Found a hole to the Spider Nest.
 14384 | Lair:3   | Found a frozen archway.
 14440 | Lair:3   | Noticed Gastronok
 14585 | Lair:3   | Reached skill level 11 in Fighting
 14802 | IceCv    | Entered an ice cave
 15209 | IceCv    | Learned a level 2 spell: Blink
 15905 | IceCv    | Reached skill level 12 in Fighting
 16115 | IceCv    | Noticed a frost giant
 16144 | IceCv    | Killed a frost giant
 16144 | IceCv    | Reached XP level 13. HP: 86/86 MP: 20/20
 16358 | Lair:3   | Found a staircase to the Shoals.
 17034 | Lair:3   | Killed Gastronok
 17738 | Lair:4   | Noticed Snorg
 17756 | Lair:3   | Killed Snorg
 18985 | Lair:5   | Noticed Kirke
 19010 | Lair:5   | Noticed a sphinx
 19013 | Lair:5   | Noticed a sphinx
 19016 | Lair:5   | Killed Kirke
 19210 | Lair:5   | Found a staircase to the Slime Pits.
 19842 | Lair:6   | Entered Level 6 of the Lair of Beasts
 20043 | Lair:6   | Gained mutation: Your large and strong wings let you fly indefinitely. [Gargoyle growth]
 20043 | Lair:6   | Reached XP level 14. HP: 80/92 MP: 21/21
 20203 | Lair:6   | Reached skill level 13 in Fighting
 21555 | Lair:6   | Got a scorched tin amulet
 21582 | Lair:6   | Identified the amulet of Tusokk {Inacc rF++} (You found it on level 6 of the Lair of Beasts)
 22147 | D:9      | Found the +7 lajatang of Order {silver, rMut}
 22379 | D:12     | Gained mutation: Your magical capacity is low. (-10% MP) [Ru sacrifice]
 22379 | D:12     | Reached ****** piety under Ru
 22592 | D:12     | Reached skill level 5 in Stealth
 22638 | D:12     | Reached skill level 14 in Fighting
 25005 | Orc:1    | Entered Level 1 of the Orcish Mines
 25034 | Orc:1    | Reached XP level 15. HP: 92/101 MP: 21/21
 25254 | Orc:1    | Reached skill level 15 in Maces & Flails
 25854 | Orc:2    | Entered Level 2 of the Orcish Mines
 26035 | Orc:2    | Found a staircase to the Elven Halls.
 26272 | Orc:2    | Reached skill level 15 in Fighting
 27076 | Orc:2    | Found Tacoe's Jewellery Shoppe.
 27076 | Orc:2    | Found Jugil's Book Shoppe.
 27077 | Orc:2    | Found Eleoham's Armour Boutique.
 27077 | Orc:2    | Found Atylaf's General Store.
 27092 | Orc:2    | Bought a scroll of identify for 28 gold pieces
 27092 | Orc:2    | Bought a scroll of identify for 28 gold pieces
 27092 | Orc:2    | Bought a scroll of identify for 28 gold pieces
 27092 | Orc:2    | Bought a potion of heal wounds for 70 gold pieces
 27216 | Orc:2    | Identified the +1 leather armour "Xuin" {+Blink Str+3 Dex-5} (You found it on level 2 of the Orcish Mines)
 28506 | D:14     | Found a gate to the Vaults.
 28586 | D:15     | Entered Level 15 of the Dungeon
 28586 | D:15     | Found a labyrinth entrance.
 28605 | Lab      | Entered a labyrinth
 29310 | Lab      | Got a distressingly furry chain mail
 29311 | Lab      | Identified the +7 chain mail "Gofisoqo" {Str+2 Stlth+} (You found it in a labyrinth)
 29324 | Lab      | Identified the cursed +1 hunting sling "Goblinslayer" {freeze, rN+} (You found it in a labyrinth)
 29848 | D:15     | Noticed Josephine
 29866 | D:15     | Killed Josephine
 30127 | D:15     | Reached XP level 16. HP: 76/109 MP: 22/22
 30199 | D:15     | Found a staircase to the Depths.
 30253 | D:15     | Reached skill level 5 in Translocations
 30474 | Orc:2    | Bought a scarf of resistance for 448 gold pieces
 30730 | Spider:1 | Entered Level 1 of the Spider Nest
 31226 | Spider:1 | Reached skill level 16 in Fighting
 31772 | Spider:1 | Identified 2 scrolls of acquirement
 31798 | Lair:3   | Identified a +2 pair of boots of running (You acquired it on level 3 of the Lair of Beasts)
 31808 | Lair:3   | Found the +2 pair of boots of the Assassin {Detection Stab+ Stlth++}
 32112 | Spider:2 | Noticed Agnes
 32129 | Spider:1 | Killed Agnes
 32535 | Spider:2 | Noticed Arachne
 32582 | Spider:2 | Killed Arachne
 32643 | Spider:2 | Found the +9 staff of Olgreb {rPois}
 33359 | Spider:2 | Upgraded the game from 0.21.0-25-ge575cb9ce8 to 0.21.0-26-g889b8f6872
 33690 | Spider:3 | Reached skill level 15 in Armour
 34445 | Spider:4 | Entered Level 4 of the Spider Nest
 34517 | Spider:4 | Reached XP level 17. HP: 116/116 MP: 23/23
 35037 | Spider:4 | Noticed NihilVerum's ghost (adept DsVM)
 35092 | Spider:4 | Killed NihilVerum's ghost
 35272 | Spider:4 | Reached skill level 10 in Shields
 35322 | Spider:4 | Reached skill level 17 in Fighting
 35607 | Spider:4 | Got a gossamer rune of Zot
 35812 | Shoals:1 | Entered Level 1 of the Shoals
 36262 | Shoals:1 | Upgraded the game from 0.21.0-26-g889b8f6872 to 0.21.0-30-g47ce8e4cbb
 37171 | Shoals:2 | Found Migh's Magic Scroll Boutique.
 37179 | Shoals:2 | Bought a scroll of magic mapping for 63 gold pieces
 37179 | Shoals:2 | Bought a scroll of teleportation for 54 gold pieces
 37179 | Shoals:2 | Bought a scroll of identify for 36 gold pieces
 37179 | Shoals:2 | Bought a scroll of summoning for 171 gold pieces
 37179 | Shoals:2 | Bought a scroll of identify for 36 gold pieces
 37314 | Shoals:2 | Reached XP level 18. HP: 124/124 MP: 24/24
 37335 | Shoals:2 | Found Wanithoh's Assorted Antiques.
 37349 | Shoals:2 | Bought an ancient morningstar for 306 gold pieces
 37349 | Shoals:2 | Bought a pair of slimy boots for 323 gold pieces
 37349 | Shoals:2 | Identified the +6 morningstar of the Puffin {drain, MP+9} (You bought it in a shop on level 2 of the Shoals)
 37350 | Shoals:2 | Identified the cursed -6 pair of boots "Ocaulaeb" {Dex+5} (You bought it in a shop on level 2 of the Shoals)
 37506 | Shoals:2 | Bought a scroll of identify for 36 gold pieces
 37506 | Shoals:2 | Bought a scroll of identify for 36 gold pieces
 37506 | Shoals:2 | Bought a scroll of identify for 36 gold pieces
 37672 | Shoals:2 | Found Cylif's General Store.
 37680 | Shoals:2 | Bought a potion of heal wounds for 65 gold pieces
 37680 | Shoals:2 | Bought a potion of heal wounds for 65 gold pieces
 37684 | Shoals:2 | Found Mauptakk's Weapon Emporium.
 37740 | Shoals:2 | Found Emulohio's Magic Scroll Emporium.
 37772 | Shoals:2 | Bought a scroll of blinking for 157 gold pieces
 37772 | Shoals:2 | Bought a scroll of acquirement for 1092 gold pieces
 37772 | Shoals:2 | Bought a scroll of holy word for 157 gold pieces
 37772 | Shoals:2 | Bought a scroll of summoning for 199 gold pieces
 37772 | Shoals:2 | Bought a scroll of teleportation for 63 gold pieces
 38466 | Shoals:3 | Noticed Donald
 38550 | Shoals:2 | Killed Donald
 38550 | Shoals:2 | Reached skill level 18 in Fighting
 39368 | Shoals:3 | Noticed Polyphemus
 39387 | Shoals:3 | Killed Polyphemus
 39735 | Shoals:4 | Entered Level 4 of the Shoals
 39751 | Shoals:4 | Noticed Bai Suzhen
 39931 | Shoals:4 | Reached skill level 15 in Shields
 40240 | Shoals:4 | Found Ocaon's Jewellery Shop.
 40258 | Shoals:4 | Noticed Ilsuiw
 40303 | Shoals:4 | Killed Ilsuiw
 40303 | Shoals:4 | Reached skill level 19 in Fighting
 40434 | Shoals:4 | Identified the Volume of Evil Rites
 40470 | Shoals:4 | Noticed Aizul
 40483 | Shoals:4 | Killed Aizul
 40550 | Shoals:4 | Learned a level 3 spell: Regeneration
 40650 | Shoals:4 | Killed Bai Suzhen
 40650 | Shoals:4 | Reached skill level 1 in Charms
 40650 | Shoals:4 | Reached skill level 1 in Necromancy
 40650 | Shoals:4 | Reached XP level 19. HP: 101/133 MP: 25/25
 40807 | Shoals:4 | Got a barnacled rune of Zot
 41252 | Shoals:4 | Learned a level 3 spell: Ozocubu's Armour
 41565 | Vaults:1 | Entered Level 1 of the Vaults
 41591 | Vaults:1 | Noticed Nikola
 41624 | Vaults:1 | Killed Nikola
 42546 | Vaults:1 | Noticed Jorgrun
 43045 | Vaults:1 | Reached skill level 20 in Fighting
 43139 | Vaults:1 | Reached skill level 1 in Ice Magic
 43416 | Vaults:1 | Noticed a Brimstone Fiend
 43579 | D:14     | Killed a Brimstone Fiend
 43769 | Vaults:2 | Reached skill level 5 in Charms
 44349 | Vaults:2 | Reached XP level 20. HP: 140/140 MP: 28/28
 45981 | Vaults:3 | Found a staircase to the Crypt.
 45995 | Vaults:3 | Found a flickering gateway to a bazaar.
 46017 | Bazaar   | Entered a bazaar
 46017 | Bazaar   | Found Fitwill's Book Emporium.
 46019 | Bazaar   | Found Isarite's Magic Scroll Shop.
 46038 | Bazaar   | Found Gotoub's Weapon Shoppe.
 46071 | Bazaar   | Found Ukeiridu's Armour Emporium.
 46111 | Bazaar   | Bought a book of Summonings for 560 gold pieces
 46118 | Bazaar   | Bought a scroll of blinking for 75 gold pieces
 46118 | Bazaar   | Bought a scroll of teleportation for 30 gold pieces
 46118 | Bazaar   | Bought a scroll of identify for 20 gold pieces
 46135 | Vaults:3 | Learned a level 5 spell: Aura of Abjuration
 46141 | Vaults:3 | Learned a level 5 spell: Summon Forest
 46482 | Vaults:3 | Identified Fiant's Tome of the Entourage
 46648 | Vaults:3 | Reached XP level 21. HP: 146/147 MP: 30/30
 47272 | Vaults:4 | Reached skill level 5 in Summonings
 47788 | Vaults:4 | Noticed Boris
 47807 | Vaults:4 | Killed Boris
 47807 | Vaults:4 | Reached skill level 21 in Fighting
 48562 | Vaults:4 | Noticed Margery
 48578 | Vaults:4 | Killed Margery
 49046 | Depths:1 | Entered Level 1 of the Depths
 49452 | Depths:1 | Learned a level 6 spell: Shadow Creatures
 49851 | Depths:1 | Found a gateway to Hell.
 50078 | Depths:1 | Reached XP level 22. HP: 155/155 MP: 32/32
 50085 | Depths:1 | Reached skill level 10 in Spellcasting
 51730 | Depths:3 | Found Wopseff's Magic Scroll Shop.
 51764 | Depths:3 | Found Bifuph's Gadget Shoppe.
 51819 | Depths:3 | Reached skill level 10 in Summonings
 52148 | Depths:3 | Identified the +2 helmet of Qazlal's Wrath {MR+} (You found it on level 3 of the Depths)
 52353 | Depths:3 | Found a one-way gate leading to the halls of Pandemonium.
 52413 | Depths:3 | Reached skill level 22 in Fighting
 52694 | Depths:3 | Found Ugoum's Food Shop.
 53241 | Depths:4 | Found Xiumn's Weapon Shop.
 53244 | Depths:4 | Found Oloarched's Jewellery Boutique.
 53244 | Depths:4 | Found Gionk's General Store.
 53249 | Depths:4 | Found Isaaca's Jewellery Boutique.
 53252 | Depths:4 | Bought a potion of curing for 60 gold pieces
 53358 | Depths:4 | Reached XP level 23. HP: 53/162 MP: 34/34
 53364 | Depths:4 | HP: 3/162 [deep troll earth mage/Lee's Rapid Deconstruction (35)]
 53845 | Depths:4 | Found a one-way gate to the infinite horrors of the Abyss.
 54070 | Depths:4 | Paralysed by a floating eye for 3 turns
 55148 | Slime:1  | Entered Level 1 of the Pits of Slime
 55685 | Slime:3  | Noticed Dissolution
 55704 | Slime:3  | Killed Dissolution
 55836 | Slime:3  | Gained mutation: You occasionally shout uncontrollably at your foes. [a shining eye]
 55838 | Slime:3  | Gained mutation: Scrolls take you a little longer to read. [a shining eye]
 55842 | Slime:3  | Gained mutation: Your spells are a little easier to cast, but a little less powerful. [a shining eye]
 55875 | Slime:3  | Lost mutation: Your spells are a little easier to cast, but a little less powerful. [potion of mutation]
 55875 | Slime:3  | Lost mutation: Scrolls take you a little longer to read. [potion of mutation]
 55875 | Slime:3  | Gained mutation: Scrolls take you a little longer to read. [potion of mutation]
 55875 | Slime:3  | Gained mutation: Your flesh is cold resistant. (rC+) [potion of mutation]
 55875 | Slime:3  | Gained mutation: You are somewhat resistant to further mutation. [potion of mutation]
 55876 | Slime:3  | Lost mutation: You occasionally shout uncontrollably at your foes. [potion of mutation]
 55876 | Slime:3  | Lost mutation: Scrolls take you a little longer to read. [potion of mutation]
 55876 | Slime:3  | Lost mutation: Your flesh is cold resistant. (rC+) [potion of mutation]
 56002 | Slime:3  | Found a viscous altar of Jiyva.
 56015 | Slime:3  | Gained mutation: Your spells are a little easier to cast, but a little less powerful. [a shining eye]
 56962 | Slime:5  | Entered Level 5 of the Pits of Slime
 57065 | Slime:5  | Noticed the Royal Jelly
 57156 | Slime:4  | Upgraded the game from 0.21.0-30-g47ce8e4cbb to 0.21.0-36-ge3e1d5aaab
 57407 | Elf:1    | Entered Level 1 of the Elven Halls
 57473 | Elf:1    | Found a radiant altar of Vehumet.
 58013 | Elf:1    | Reached XP level 24. HP: 169/169 MP: 36/36
 58164 | Elf:1    | Found Zaexirr's Gadget Shoppe.
 58165 | Elf:1    | Found Maakhoc's Jewellery Shop.
 58166 | Elf:1    | Found Kasheq's Gadget Shoppe.
 58756 | Elf:2    | Found a huge runed gate.
 58756 | Elf:2    | Found a huge runed gate.
 58756 | Elf:2    | Found a huge runed gate.
 58756 | Elf:2    | Found a huge runed gate.
 58756 | Elf:2    | Found a huge runed gate.
 58835 | Elf:2    | Noticed Roxanne
 58855 | Elf:2    | Killed Roxanne
 59743 | Elf:3    | Entered Level 3 of the Elven Halls
 59859 | Elf:3    | Cast into level 2 of the Abyss (halberd of distortion)
 60218 | Elf:3    | Escaped the Abyss
 60359 | Elf:3    | Got a flickering steel amulet
 60601 | Elf:3    | Got a flickering golden amulet
 60602 | Elf:3    | Identified the amulet "Tyoqosis" {Gourm rElec rC+} (You took it off a deep elf mage on level 3 of the Elven Halls)
 60603 | Elf:3    | Identified the amulet "Guemp" {Gourm rF+ MR+} (You took it off a deep elf high priest on level 3 of the Elven Halls)
 60604 | Elf:3    | Got an ancient scale mail
 60643 | Elf:3    | Identified the cursed +0 scale mail of the Final Friends {rN+} (You took it off a deep elf high priest on level 3 of the Elven Halls)
 60818 | Elf:3    | Got a faintly humming scale mail
 60890 | Elf:3    | Found Kipidoeck's Food Shop.
 60938 | Elf:2    | Identified the cursed +1 scale mail of Jatuhuot {Int-3 Dex+2 SInv} (You took it off a deep elf master archer on level 3 of the Elven Halls)
 61173 | Elf:3    | Reached XP level 25. HP: 167/175 MP: 18/37
 61176 | Elf:3    | Reached skill level 23 in Fighting
 61264 | Elf:3    | Found the +0 mask of the Dragon {MR+ Slay+3 SInv}
 61264 | Elf:3    | Found the +0 Maxwell's etheric cage {RegenMP+ *Contam rElec MP+4}
 61265 | Elf:3    | Found the +3 sling "Punk" {acid, rCorr}
 61493 | Elf:3    | Found a sparkling altar of Nemelex Xobeh.
 61959 | Crypt:1  | Entered Level 1 of the Crypt
 61991 | Vaults:3 | Reached skill level 15 in Spellcasting
 63368 | Crypt:2  | Got a steaming ring mail
 63396 | Crypt:2  | Identified the +5 ring mail of Beogh's Pride {+Blink Str+2 Dex+2 Slay+2} (You found it on level 2 of the Crypt)
 63691 | Crypt:3  | Entered Level 3 of the Crypt
 63932 | Crypt:3  | Found an ancient bone altar of Kikubaaqudgha.
 64605 | Crypt:3  | Learned a level 2 spell: Swiftness
 64606 | Crypt:3  | Identified the Grimoire of Unholy Magic and Transmutation
 64936 | Crypt:3  | Noticed Khufu
 64937 | Crypt:3  | Found a staircase to the Tomb.
 64954 | Crypt:3  | Killed Khufu
 64958 | Crypt:3  | Found the cursed +13 scythe of Curses {drain, *Curse}
 65321 | Vaults:5 | Entered Level 5 of the Vaults
 65366 | Vaults:5 | Reached XP level 26. HP: 151/183 MP: 8/40
 65738 | Vaults:5 | Noticed an ancient lich
 65828 | Vaults:4 | Killed an ancient lich
 66190 | Vaults:5 | Reached skill level 15 in Summonings
 66837 | Vaults:5 | Got a silver rune of Zot
 67194 | Vaults:5 | Learned a level 7 spell: Summon Hydra
 67514 | Vaults:5 | Identified the Volume of Transmutation and the Mountains
 67522 | Vaults:5 | Got a heavily runed copper ring
 67523 | Vaults:5 | Identified the ring "Luehij" {Str+3 SInv} (You found it on level 5 of the Vaults)
 67699 | Vaults:5 | Noticed an ancient lich
 67755 | Vaults:5 | Got a warped brass ring
 67886 | Vaults:5 | Reached skill level 24 in Fighting
 67957 | Vaults:5 | Got a slimy wooden ring
 68083 | Vaults:5 | Identified the ring "Esitag" {rC+ MR- Str+5 Slay+5 Stlth-} (You took it off an ironheart preserver on level 5 of the Vaults)
 68084 | Vaults:5 | Identified the ring "Gaukypn" {Int+4 Dex+2} (You took it off a vault warden on level 5 of the Vaults)
 68086 | Vaults:5 | Identified the +1 plate armour of Kindness {Int+2} (You found it on level 5 of the Vaults)
 68092 | Vaults:5 | Identified the cursed -3 helmet "Opo Jaro" {MR+ Int+5} (You found it on level 5 of the Vaults)
 68526 | Depths:5 | Entered Level 5 of the Depths
 68533 | Depths:5 | Found Moawkeod's Armour Emporium.
 68613 | Depths:5 | Reached XP level 27. HP: 190/190 MP: 40/40
 68626 | Depths:5 | Found Waqoch's Magic Scroll Shoppe.
 68629 | Depths:5 | Bought a scroll of identify for 30 gold pieces
 68629 | Depths:5 | Bought a scroll of teleportation for 45 gold pieces
 68629 | Depths:5 | Bought a scroll of identify for 30 gold pieces
 68700 | Depths:5 | Found Suan's Antique Armour Emporium.
 69096 | Depths:5 | Found a gate to the Realm of Zot.
 69506 | Depths:5 | Found Keofaff's Antique Weapon Boutique.
 69601 | Depths:5 | Found a gateway to a ziggurat.
 69634 | Depths:5 | Found Usuchi's Assorted Antiques.
 69642 | Depths:5 | Bought a potion of curing for 90 gold pieces
 70133 | Depths:4 | Voluntarily entered the Abyss.
 70512 | Abyss:1  | Noticed an ancient lich
 70520 | Abyss:1  | Killed an ancient lich
 71050 | Abyss:3  | Found a corrupted altar of Lugonu.
 71242 | Abyss:3  | Reached skill level 25 in Fighting
 71372 | Abyss:3  | Paralysed by accursed screaming for 1 turns
 71703 | Abyss:3  | Paralysed by accursed screaming for 1 turns
 71955 | Abyss:3  | Reached skill level 10 in Stealth
 71992 | Abyss:3  | Paralysed by accursed screaming for 2 turns
 73036 | Abyss:3  | Paralysed by a floating eye for 2 turns
 73046 | Abyss:3  | Paralysed by a floating eye for 3 turns
 73054 | Abyss:3  | Paralysed by a floating eye for 4 turns
 73066 | Abyss:3  | Paralysed by a floating eye for 2 turns
 73082 | Abyss:3  | Paralysed by a floating eye for 3 turns
 73526 | Abyss:3  | Got an abyssal rune of Zot
 73577 | Depths:4 | Escaped the Abyss
 73579 | Depths:4 | Got an ancient helmet
 73580 | Depths:4 | Identified the +1 helmet of Nobility {*Corrode rF+ Int+3 Stlth+} (You acquired it on level 4 of the Depths)
 73629 | Zot:1    | Entered Level 1 of the Realm of Zot
 74787 | Zot:2    | Reached skill level 15 in Stealth
 75142 | Zot:2    | Noticed Tiamat
 75309 | Zot:2    | Killed Tiamat
 76833 | Zot:3    | Reached skill level 26 in Fighting
 77402 | Zot:4    | Upgraded the game from 0.21.0-36-ge3e1d5aaab to 0.21.0-37-g46506fa5f3
 77829 | Zot:4    | Reached skill level 27 in Fighting
 78356 | Zot:5    | Entered Level 5 of the Realm of Zot
 78517 | Zot:5    | Noticed an orb of fire
 78523 | Zot:5    | Killed an orb of fire
 78711 | Zot:5    | Noticed an ancient lich
 78724 | Zot:5    | Killed an ancient lich
 79872 | Slime:5  | Killed the Royal Jelly
 80010 | Slime:5  | Got a slimy rune of Zot
 80044 | Slime:5  | Got a fine glass ring
 80045 | Slime:5  | Identified the ring of Ypoud {rCorr rPois rC+ MR+ Str+4 Stlth-} (You found it on level 5 of the Pits of Slime)
 80051 | Slime:5  | Got a vibrating pewter ring
 80052 | Slime:5  | Identified the ring "Xeosoest" {SInv Stlth+} (You found it on level 5 of the Pits of Slime)
 80072 | Slime:5  | Identified the +2 pair of gloves "Giqo" {rF+ Regen+} (You found it on level 5 of the Pits of Slime)
 80099 | Slime:5  | Identified the cursed +0 robe of the Thirsty Orbs {rElec Str+7 Dex-3} (You found it on level 5 of the Pits of Slime)
 80665 | Tomb:1   | Entered Level 1 of the Tomb of the Ancients
 81148 | Tomb:1   | Noticed a greater mummy
 81172 | Tomb:1   | Killed a greater mummy
 81627 | Tomb:1   | Noticed a greater mummy
 81654 | Tomb:1   | Killed a greater mummy
 82533 | Zot:5    | Noticed an orb of fire
 82547 | Zot:5    | Gained mutation: You tend to lose your temper in combat. [an orb of fire]
 82556 | Zot:5    | Gained mutation: You are clumsy. (Dex -2) [an orb of fire]
 82561 | Zot:5    | Killed an orb of fire
 82583 | Zot:5    | Lost mutation: You are clumsy. (Dex -2) [potion of mutation]
 82583 | Zot:5    | Lost mutation: Your spells are a little easier to cast, but a little less powerful. [potion of mutation]
 82583 | Zot:5    | Lost mutation: You tend to lose your temper in combat. [potion of mutation]
 82583 | Zot:5    | Lost mutation: You are somewhat resistant to further mutation. [potion of mutation]
 82583 | Zot:5    | Gained mutation: You evolve. [potion of mutation]
 82583 | Zot:5    | Gained mutation: Scrolls take you a little longer to read. [potion of mutation]
 82583 | Zot:5    | Gained mutation: Armour fits poorly on your strangely shaped body. [potion of mutation]
 82583 | Zot:5    | Gained mutation: You have sharp toenails. [potion of mutation]
 82584 | Zot:5    | Lost mutation: Armour fits poorly on your strangely shaped body. [potion of mutation]
 82584 | Zot:5    | Lost mutation: Scrolls take you a little longer to read. [potion of mutation]
 82584 | Zot:5    | Gained mutation: You passively map a small area around you. [potion of mutation]
 82584 | Zot:5    | Gained mutation: You are partially covered in molten scales. (AC +2) [potion of mutation]
 82613 | Zot:5    | Noticed an ancient lich
 82621 | Zot:5    | Noticed an orb of fire
 82631 | Zot:5    | Killed an ancient lich
 82634 | Zot:5    | Killed an orb of fire
 82661 | Zot:5    | Noticed an ancient lich
 82669 | Zot:5    | Killed an ancient lich
 82707 | Zot:5    | Noticed an ancient lich
 82715 | Zot:5    | Killed an ancient lich
 82971 | Zot:5    | Identified the +7 mace of the Seven Continents {holy, rPois Str+2} (You took it off a red draconian on level 5 of the Realm of Zot)
 83056 | Zot:5    | Noticed an orb of fire
 83080 | Zot:5    | Noticed an orb of fire
 83085 | Zot:5    | Gained mutation: You expend magic power (3 MP) to strengthen your wands. [an orb of fire]
 83095 | Zot:5    | Killed an orb of fire
 83127 | Zot:5    | Gained mutation: Armour fits poorly on your strangely shaped body. [an orb of fire]
 83136 | Zot:5    | Gained mutation: You are weak. (Str -2) [an orb of fire]
 83137 | Zot:5    | Killed an orb of fire
 83312 | Zot:5    | Got the Orb of Zot
 83631 | Zot:1    | Noticed a seraph
 83716 | Depths:5 | Noticed Lioxaufy the pandemonium lord
 83772 | Depths:3 | Lost mutation: You passively map a small area around you. [evolution]
 83781 | Depths:3 | Lost mutation: You are weak. (Str -2) [potion of mutation]
 83781 | Depths:3 | Lost mutation: Armour fits poorly on your strangely shaped body. [potion of mutation]
 83781 | Depths:3 | Lost mutation: You evolve. [potion of mutation]
 83781 | Depths:3 | Lost mutation: You have sharp toenails. [potion of mutation]
 83781 | Depths:3 | Gained mutation: You possess an exceptional clarity of mind. [potion of mutation]
 83781 | Depths:3 | Gained mutation: Your mind is acute. (Int +2) [potion of mutation]
 84276 | D:5      | Noticed an ancient lich
 84277 | D:5      | Noticed Giuwnuba the pandemonium lord
 84387 | D:$      | Escaped with the Orb!

Skill      XL: |  1  2  3  4  5  6  7  8  9 10 11 12 13 14 15 16 17 18 19 20 21 22 23 24 25 26 27 |
---------------+----------------------------------------------------------------------------------+-----
Armour         | 2 3 4 6 8 10 12 13 15 18 19 20 24 | 24.0
Maces & Flails | 1 2 3 4 7 8 10 12 13 14 16 20 | 20.0
Fighting       | 3 4 5 7 8 10 12 14 15 16 17 19 20 21 22 23 24 27 | 27.0
Dodging        | 1 4 0 |  0.0
Spellcasting   | 1 4 5 6 8 9 11 13 14 18 20 | 20.0
Shields        | 4 5 8 13 15 16 18 | 18.0
Summonings     | 1 2 3 8 10 11 12 13 16 20 | 20.0
Translocations | 1 4 6 7 8 |  8.0
Stealth        | 5 15 | 15.0
Charms         | 1 5 6 7 8 |  8.0
Necromancy     | 1 3 4 |  4.0
Ice Magic      | 3 |  3.0
Crossbows      | |  2.0
Conjurations   | |  2.1
Earth Magic    | |  1.2

Action                   |  1- 3 |  4- 6 |  7- 9 | 10-12 | 13-15 | 16-18 | 19-21 | 22-24 | 25-27 || total
-------------------------+-------+-------+-------+-------+-------+-------+-------+-------+-------++-------
Melee: Club              |    19 |       |       |       |       |       |       |       |       ||    19
       Mace              |   101 |   107 |       |       |       |       |       |       |       ||   208
       Flail             |       |    70 |       |       |       |       |       |       |       ||    70
       Morningstar       |       |    20 |   737 |   976 |  1989 |  2104 |  1857 |  1737 |       ||  9420
       Eveningstar       |       |       |       |       |       |       |       |   458 |  3588 ||  4046
Throw: Stone             |       |       |       |       |       |       |       |     4 |    11 ||    15
 Cast: Apportation       |       |       |       |     8 |     6 |     3 |       |       |    25 ||    42
       Blink             |       |       |       |       |       |     3 |     3 |     9 |    28 ||    43
       Regeneration      |       |       |       |       |       |       |     9 |    82 |   268 ||   359
       Aura of Abjuratio |       |       |       |       |       |       |     1 |    20 |    25 ||    46
       Shadow Creatures  |       |       |       |       |       |       |       |     2 |    24 ||    26
       Summon Forest     |       |       |       |       |       |       |       |       |     1 ||     1
       Swiftness         |       |       |       |       |       |       |       |       |     2 ||     2
       Summon Hydra      |       |       |       |       |       |       |       |       |    14 ||    14
Invok: Sacrifice Nimblen |       |       |     1 |       |       |       |       |       |       ||     1
       Sacrifice Resista |       |       |       |     1 |       |       |       |       |       ||     1
       Power Leap        |       |       |       |     4 |     9 |    13 |     6 |     3 |     2 ||    37
       Sacrifice Artific |       |       |       |     1 |       |       |       |       |       ||     1
       Reject Sacrifices |       |       |       |     1 |       |       |       |       |       ||     1
       Sacrifice Essence |       |       |       |       |     1 |       |       |       |       ||     1
       Draw Out Power    |       |       |       |       |       |       |     1 |     3 |     6 ||    10
       Apocalypse        |       |       |       |       |       |       |       |       |     1 ||     1
 Abil: Fly               |       |       |       |       |       |     5 |       |       |     4 ||     9
       Stop Flying       |       |       |       |       |       |     4 |     1 |       |     5 ||    10
  Use: Scroll            |       |     4 |     8 |    11 |    14 |    18 |     5 |    26 |    27 ||   113
       Potion            |       |     1 |     1 |     9 |     4 |     8 |     9 |     8 |    15 ||    55
 Stab: Invisible         |       |       |       |     5 |    10 |    15 |     6 |     6 |    21 ||    63
       Paralysed         |       |       |       |     6 |     8 |     3 |     4 |     4 |     7 ||    32
       Distracted        |       |       |       |     6 |    14 |    12 |     3 |    20 |    32 ||    87
       Sleeping          |       |       |       |       |     1 |     7 |    10 |     5 |    30 ||    53
       Petrified         |       |       |       |       |       |       |       |       |     1 ||     1
  Eat: Chunk             |     1 |     5 |    14 |    30 |    55 |    35 |    25 |    50 |    87 ||   302
       Ration            |       |       |     1 |     2 |     1 |     1 |     2 |     4 |     5 ||    16
Armor: Scale mail        |   117 |   151 |   446 |   690 |   979 |       |       |       |       ||  2383
       Skin              |       |     6 |    12 |       |       |       |       |       |       ||    18
       Chain mail        |       |       |       |       |    99 |  1857 |   795 |  1118 |   106 ||  3975
       Ring mail         |       |       |       |       |       |       |       |       |  1554 ||  1554
Dodge: Dodged            |    69 |   139 |   414 |   445 |   563 |   673 |   364 |   440 |   800 ||  3907
       Deflected         |       |       |       |       |    16 |       |       |       |       ||    16
Block: Buckler           |       |       |       |    75 |   346 |   326 |       |       |       ||   747
       Reflection        |       |       |       |       |     5 |    49 |    76 |    60 |    49 ||   239
       Shield            |       |       |       |       |       |   568 |   916 |  1022 |  1714 ||  4220
